 Dungeon Crawl Stone Soup version 0.27.1-1-g398f81649c (webtiles) character file.

Game seed: 273252055072439760

240 bpung the Fighter (level 6, -3/57 HPs)
             Began as a Gnoll Wanderer on Sept 18, 2021.
             Was a Follower of Makhleb.
             Slain by a gnoll (5 damage)
             ... on level 3 of the Dungeon.
             The game lasted 00:08:39 (5128 turns).

bpung the Fighter (Gnoll Wanderer)                  Turns: 5128, Time: 00:08:39

Health: -3/57      AC:  4    Str: 13    XL:     6   Next: 8%
Magic:  8/8        EV: 12    Int: 16    God:    Makhleb [*.....]
Gold:   121        SH:  5    Dex: 15    Spells: 8/8 levels left

rFire    . . .     SeeInvis .   a - +0 dagger
rCold    . . .     Faith    .   d - +0 buckler
rNeg     . . .     Spirit   .   e - +0 robe
rPois    +         Reflect  .   (no helmet)
rElec    .         Harm     .   k - +1 cloak
rCorr    .         Rampage  .   (no gloves)
Will     .....                  (no boots)
Stlth    ++........             n - amulet of the acrobat
HPRegen  0.19/turn              i - ring of poison resistance
MPRegen  0.11/turn              l - +6 ring of dexterity

@: no status effects
A: fangs 1, strong nose, distributed training, clever 1
a: Renounce Religion


You were on level 3 of the Dungeon.
You worshipped Makhleb.
Makhleb was aware of your devotion.
You visited 1 branch of the dungeon, and saw 4 of its levels.

You collected 121 gold pieces.

Inventory:

Hand Weapons
 a - a +0 dagger (weapon)
 h - a +3 quarterstaff of chaos
 j - a +0 club
Missiles
 m - 9 poisoned darts (quivered)
Armour
 d - a +0 buckler (worn)
 e - a +0 robe (worn)
 k - a +1 cloak (worn)
Jewellery
 g - an amulet of faith
 i - a ring of poison resistance (left hand)
 l - a +6 ring of dexterity (right hand)
 n - an amulet of the acrobat (around neck)
Wands
 r - a wand of charming (12)
Scrolls
 o - 2 scrolls of identify
 p - 2 scrolls of teleportation
 q - 2 scrolls of enchant weapon
 s - a scroll of silence {unknown}
Potions
 b - a potion of heal wounds
 c - 2 potions of curing
 f - a potion of berserk rage
 t - a potion of lignification {unknown}


   Skills:
 + Level 8.7 Fighting
 + Level 1.8 Short Blades
 + Level 1.8 Long Blades
 + Level 1.8 Axes
 + Level 1.8 Maces & Flails
 + Level 1.8 Polearms
 + Level 1.8 Staves
 + Level 1.8 Slings
 + Level 1.8 Bows
 + Level 1.8 Crossbows
 + Level 1.8 Throwing
 + Level 1.8 Armour
 + Level 1.8 Dodging
 + Level 3.0 Stealth
 + Level 3.1 Shields
 + Level 6.8 Unarmed Combat
 + Level 1.8 Spellcasting
 + Level 1.4 Conjurations
 + Level 1.4 Hexes
 + Level 1.4 Summonings
 + Level 1.4 Necromancy
 + Level 1.4 Translocations
 + Level 1.4 Transmutations
 + Level 1.4 Fire Magic
 + Level 1.4 Ice Magic
 + Level 1.4 Air Magic
 + Level 1.4 Earth Magic
 + Level 1.4 Poison Magic
 + Level 2.0 Invocations
 + Level 3.1 Evocations


You had 8 spell levels left.
You didn't know any spells.
Your spell library contained the following spells:

 Spells                   Type           Power      Damage    Failure   Level
 Summon Ice Beast         Ice/Summ       5%         N/A       78%         4
 Necromutation            Tmut/Necr      2%         N/A       100%        8
 Summon Horrible Things   Summ           2%         N/A       100%        8


Dungeon Overview and Level Annotations

Branches:
Dungeon (4/15)
 Temple: D:4-7

Altars:
Dithmenos
Elyvilon
Makhleb
Qazlal
Ru

Shops:
D:2 [(*(


Innate Abilities, Weirdness & Mutations

You have very sharp teeth.
Your uncanny sense of smell can sniff out nearby items.
Your experience applies equally to all skills.
Your mind is acute. (Int +2)


Message History

The gnoll shaman is heavily wounded.
Unknown command.
The gnoll shaman calls upon its god to speed up the gnoll.
The gnoll seems to speed up.
The gnoll shaman prays to its god.
The gnoll shaman is healed somewhat.
There is an open door here.
You block the gnoll's attack.
There is a stone staircase leading up here.
You climb upwards.
You are no longer glowing.
There is a stone staircase leading down here.
You hit the gnoll.
The gnoll is moderately wounded.
The gnoll barely misses you.
You hit the gnoll but do no damage.
The gnoll is moderately wounded.
You block the gnoll's attack. The gnoll hits you with a +0 flail!
You hit the gnoll.
The gnoll is moderately wounded.
The gnoll misses you.
You hit the gnoll.
The gnoll is moderately wounded.
The gnoll completely misses you.
You hit the gnoll.
The gnoll is heavily wounded.
The gnoll hits you but does no damage. The gnoll hits you with a +0 flail.
You hit the gnoll but do no damage.
The gnoll is heavily wounded.
The gnoll barely misses you.
You closely miss the gnoll.
The gnoll is heavily wounded.
The gnoll hits you with a +0 flail!
* * * LOW HITPOINT WARNING * * *
You hit the gnoll but do no damage.
The gnoll is heavily wounded.
The gnoll hits you with a +0 flail!
* * * LOW HITPOINT WARNING * * *
The gnoll hits you with a +0 flail.
You die...

# #..................#...........
###..................#...........
##.).............................
##._..)............[...#.........
.).......[......................#
##..............................#
###..........#...........##.##.##
.............#...........##.##...
###.............@...........)....
#..........##..g.#.....##.#..#.
#....)...#.......#...#.##......
#.##.....+.....................
#.##....##.......##.##.##......
#.)..............##.##.##......
########.#.....................
##............##.#..........
#.....#.......##....+.......


You could see a gnoll (fast).

Vanquished Creatures
  Crazy Yiuf (D:2)
  Natasha (thrice) (D:2)
  3 gnolls (D:2)
  A shadow imp (D:4)
  2 adder skeletons (D:4)
  3 worms (D:3)
  3 dart slugs
  5 orcs
  4 ball pythons
  5 bats
  3 endoplasms
  2 giant cockroaches
  6 hobgoblins
  7 jackals
  8 kobolds
  4 quokkas
  5 frilled lizards
  8 goblins
  7 rats
80 creatures vanquished.

Notes
Turn   | Place    | Note
-------+----------+-------------------------------------------
     0 | D:1      | bpung the Gnoll Wanderer began the quest for the Orb.
     0 | D:1      | bpung set off with the following items: a +0 club, a potion
                  | of heal wounds, a potion of curing, a +0 buckler, a +0
                  | robe, a potion of berserk rage
     0 | D:1      | Reached XP level 1. HP: 26/26 MP: 1/1
   251 | D:1      | Reached XP level 2. HP: 32/33 MP: 2/2
   620 | D:1      | Got the Disquisition on Darkness and the Entourage
   653 | D:1      | Found a faded altar of an unknown god.
   838 | D:1      | Reached XP level 3. HP: 36/38 MP: 3/3
  1246 | D:2      | Found Eriukummo's Weapon Shop.
  1312 | D:2      | Found Buggiato's Antique Weapon Shoppe.
  1439 | D:2      | Noticed Natasha
  1451 | D:2      | Killed Natasha
  1452 | D:2      | Reached skill level 1 in Short Blades
  1452 | D:2      | Reached skill level 1 in Long Blades
  1452 | D:2      | Reached skill level 1 in Axes
  1452 | D:2      | Reached skill level 1 in Maces & Flails
  1452 | D:2      | Reached skill level 1 in Polearms
  1452 | D:2      | Reached skill level 1 in Staves
  1452 | D:2      | Reached skill level 1 in Slings
  1452 | D:2      | Reached skill level 1 in Bows
  1452 | D:2      | Reached skill level 1 in Crossbows
  1452 | D:2      | Reached skill level 1 in Throwing
  1452 | D:2      | Reached skill level 1 in Armour
  1452 | D:2      | Reached skill level 1 in Dodging
  1452 | D:2      | Reached skill level 1 in Spellcasting
  1452 | D:2      | Reached skill level 1 in Invocations
  1452 | D:2      | Reached XP level 4. HP: 16/45 MP: 5/5
  1877 | D:2      | Found Wexa Cuu's Assorted Antiques.
  1879 | D:2      | Noticed Natasha
  1890 | D:2      | Killed Natasha
  1891 | D:2      | Reached skill level 1 in Conjurations
  1891 | D:2      | Reached skill level 1 in Hexes
  1891 | D:2      | Reached skill level 1 in Summonings
  1891 | D:2      | Reached skill level 1 in Necromancy
  1891 | D:2      | Reached skill level 1 in Translocations
  1891 | D:2      | Reached skill level 1 in Transmutations
  1891 | D:2      | Reached skill level 1 in Fire Magic
  1891 | D:2      | Reached skill level 1 in Ice Magic
  1891 | D:2      | Reached skill level 1 in Air Magic
  1891 | D:2      | Reached skill level 1 in Earth Magic
  1891 | D:2      | Reached skill level 1 in Poison Magic
  1988 | D:2      | Found Ivycocau's Armour Emporium.
  2085 | D:2      | Found a runed translucent door.
  2086 | D:2      | Noticed Crazy Yiuf
  2184 | D:2      | Noticed Natasha
  2211 | D:2      | Killed Natasha
  2212 | D:2      | Reached XP level 5. HP: 13/51 MP: 6/6
  2722 | D:2      | Killed Crazy Yiuf
  2795 | D:3      | Found a burning altar of Makhleb.
  2822 | D:3      | Became a worshipper of Makhleb the Destroyer
  4605 | D:4      | Reached XP level 6. HP: 23/57 MP: 8/8
  4663 | D:4      | Reached * piety under Makhleb
  4833 | D:4      | Gained mutation: Your mind is acute. (Int +2) [potion of
                  | mutation]
  4909 | D:4      | Found a shadowy altar of Dithmenos.
  4910 | D:4      | Found a sacrificial altar of Ru.
  4911 | D:4      | Found a white marble altar of Elyvilon.
  4911 | D:4      | Found a stormy altar of Qazlal.
  5128 | D:3      | HP: 2/57 [gnoll (10)]
  5128 | D:3      | Slain by a gnoll

Illustrated notes

Levels and vault maps discovered:
D:1:      psy_arrival_whirlpool, layout_loops_cross,
          hellmonk_ecumenical_altar_dog_temple, minmay_misc_feat_x, minivault_4
D:2:      kb_forest_paths, layout_rooms, serial_shops,
          nicolae_shop_behind_doors, nicolae_shop_trees, shop, shop,
          chequers_serial_rivers_small_b, uniq_natasha, uniq_crazy_yiuf_cottage
D:3:      layout_basic, bloody_makhleb, portal_sewer_entry_a,
          hangedman_abyss_or_decor_lesser_grid
D:4:      layout_basic, mainiacjoe_overflow_alcove_3

Skill      XL: |  1  2  3  4  5  6 |
---------------+-------------------+-----
Short Blades   | 1 |  1.8
Long Blades    | 1 |  1.8
Axes           | 1 |  1.8
Maces & Flails | 1 |  1.8
Polearms       | 1 |  1.8
Staves         | 1 |  1.8
Slings         | 1 |  1.8
Bows           | 1 |  1.8
Crossbows      | 1 |  1.8
Throwing       | 1 |  1.8
Armour         | 1 |  1.8
Dodging        | 1 |  1.8
Spellcasting   | 1 |  1.8
Invocations    | 1 2 |  2.0
Conjurations   | 1 |  1.4
Hexes          | 1 |  1.4
Summonings     | 1 |  1.4
Necromancy     | 1 |  1.4
Translocations | 1 |  1.4
Transmutations | 1 |  1.4
Fire Magic     | 1 |  1.4
Ice Magic      | 1 |  1.4
Air Magic      | 1 |  1.4
Earth Magic    | 1 |  1.4
Poison Magic   | 1 |  1.4
Shields        | 3 |  3.1
Evocations     | 3 |  3.1
Stealth        | 3 |  3.0
Fighting       | |  8.7
Unarmed Combat | |  6.8

Action                   |  1- 3 |  4- 6 || total
-------------------------+-------+-------++-------
Melee: Club              |    42 |       ||    42
       Dagger            |   104 |   371 ||   475
       Bite              |     7 |    43 ||    50
  Use: Scroll            |       |     6 ||     6
       Potion            |       |     1 ||     1
 Stab: Sleeping          |     7 |     5 ||    12
Armor: Robe              |    27 |    63 ||    90
Dodge: Dodged            |    97 |   190 ||   287
Block: Buckler           |    30 |    95 ||   125
